 Dungeon Crawl Stone Soup version 0.31-a0-145-g046c7d2549 (webtiles) character file.

Game seed: 17892756961806390786

169 mopl the Sneak (level 5, 0/36 HPs)
             Began as an Octopode Brigand on June 5, 2023.
             Blown up by Ijyb (14 damage)
             ... with a mindburst bolt
             ... on level 3 of the Dungeon.
             The game lasted 00:03:26 (2260 turns).

mopl the Sneak (Octopode Brigand)                   Turns: 2260, Time: 00:03:27

Health: 0/36       AC:  1    Str: 10    XL:     5   Next: 50%
Magic:  14/14      EV: 18    Int: 16    God:
Gold:   191        SH:  0    Dex: 13    Spells: 4/4 levels left

rFire   . . .        a - +2 dagger (flame)
rCold   . . .        (no shield)
rNeg    . . .        (helmet restricted)
rPois   .            q - amulet of magic regeneration
rElec   .            g - +5 ring of evasion
rCorr   .            i - ring of magical power
SInv    .            (no ring)
Will    .....        (no ring)
Stlth   +++++        (no ring)
HPRegen 0.26/turn    (no ring)
MPRegen 0.54/turn    (no ring)
                     (no ring)

%: no passive effects
@: no status effects
A: almost no armour, amphibious, 8 rings, camouflage 1, gelatinous body 1,
nimble swimmer 1, tentacles
a: no special abilities


You were on level 3 of the Dungeon.
You visited 1 branch of the dungeon, and saw 4 of its levels.

You collected 191 gold pieces.

Inventory:

Hand Weapons
 a - a +2 dagger of flaming (weapon)
 h - a +2 dagger
Missiles
 b - 20 poisoned darts (quivered)
 c - 3 curare-tipped darts
 v - 3 datura-tipped darts
Jewellery
 g - a +5 ring of evasion (left tentacle)
 i - a ring of magical power (right tentacle)
 q - an amulet of magic regeneration (around mantle)
Wands
 p - a wand of flame (5)
Scrolls
 e - 5 scrolls of identify {unknown}
 l - 2 scrolls of teleportation {unknown}
 o - 2 scrolls of fear {unknown}
 r - 2 scrolls of amnesia {unknown}
 y - a scroll of immolation {unknown}
Potions
 d - a potion of enlightenment {unknown}
 f - a potion of haste {unknown}
 j - a potion of resistance {unknown}
 k - 2 potions of degeneration {unknown}
 m - a potion of heal wounds
 n - a potion of lignification {unknown}
 s - 3 potions of curing {unknown}
 t - a potion of magic {unknown}
 u - 2 potions of attraction {unknown}
 w - a potion of brilliance {unknown}
 x - a potion of might {unknown}


   Skills:
 + Level 2.9 Fighting
 - Level 2.0(2.3) Short Blades
 + Level 1.9(2.3) Long Blades
 + Level 3.0 Throwing
 + Level 2.4 Dodging
 + Level 6.2 Stealth


You had 4 spell levels left.
You didn't know any spells.
Your spell library was empty.

Dungeon Overview and Level Annotations

Branches:
Dungeon (4/15)
 Temple: D:4-7

Altars:
Gozag
Trog

Shops:
D:3 [

Annotations:
D:3 Ijyb


Innate Abilities, Weirdness & Mutations

You cannot wear most types of armour.
You are amphibious.
You can wear up to eight rings at the same time.
Your skin changes colour to match your surroundings (Stealth+).
Your rubbery body absorbs attacks. (AC +1, EV +1)
You are camouflaged when in or above water. (Stealth+)
You have tentacles for arms and can constrict up to eight enemies at once.


Message History

You kill the jackal!
No target in view!
You see here a jackal corpse.
There is an open door here.
A goblin comes into view. It is wielding a +0 sling.
The goblin unwields a +0 sling.
The goblin completely misses you.
You hit the goblin. You burn the goblin.
You kill the goblin!
No target in view!
No target in view!
No target in view!
No target in view!
No target in view!
No target in view!
You enter the deep water.
You see here a +0 sling.
There is an open door here.
You see here a jackal corpse.
There is an open door here.
Things that are here:
a +0 short sword; a +0 scale mail; the human corpse of Terence You open the large door. 2 goblins come into view.
Ijyb the Twisted Goblin comes into view.
She is wielding a +0 club and carrying a wand of mindburst (15).
Ijyb shouts!
The goblin shouts!
The goblin unwields a +0 club.
The goblin wields a +0 sling.
The goblin shoots a sling bullet.
The sling bullet hits you.
The goblin shouts!
There is a large open door here.
Ijyb grins evilly.
The goblin shoots a sling bullet.
The sling bullet hits you.
You see here a +0 club.
There is an open door here.
Ijyb zaps a wand.
Your mind is blasted!
There is an open door here.
Ijyb screams, "I no like you!"
You see here a +0 sling.
You enter the deep water.
Ijyb zaps a wand.
Your mind is blasted!
Ijyb zaps a wand.
Your mind is blasted!
You die...

##..## ##..# ##.###
#...# ###.####
##....###
###≈≈...≈≈###
#####≈≈≈≈...≈≈≈≈##
##≈≈≈≈≈≈##'''##@≈≈#
##≈≈≈≈≈≈≈#.....#≈≈≈#
#≈≈≈...†)#.....#...#
#≈≈......#.....#.).#
#≈≈..##'##.....##'##
#≈≈..#...#.....#...#
#≈≈.)#...#.....#...#
#≈≈..#.†.#.....#gg.#
#≈≈..##'##.....##g##


You could see Ijyb.

Vanquished Creatures
  A jelly (D:4)
  Terence (D:3)
  A gnoll (D:4)
  2 adders
  An ufetubus (D:4)
  A dart slug (D:2)
  5 orcs (D:3)
  7 endoplasms
  3 giant cockroaches
  8 goblins
  9 hobgoblins
  5 jackals
  3 quokkas
  5 ball pythons
  4 bats
  3 frilled lizards
  6 kobolds
  6 rats
71 creatures vanquished.

Notes
Turn   | Place    | Note
-------+----------+-------------------------------------------
     0 | D:1      | mopl the Octopode Brigand began the quest for the Orb.
     0 | D:1      | Reached XP level 1. HP: 14/14 MP: 1/1
   154 | D:1      | Reached XP level 2. HP: 19/19 MP: 2/2
   433 | D:1      | Reached XP level 3. HP: 23/24 MP: 3/3
   899 | D:2      | Reached skill level 1 in Long Blades
  1166 | D:2      | Found a bloodstained altar of Trog.
  1519 | D:3      | Reached XP level 4. HP: 30/30 MP: 4/4
  1593 | D:3      | HP: 1/30 [kobold/+0 dagger (1)]
  1729 | D:3      | Found Niusyevu's Antique Armour Shop.
  1744 | D:3      | Found an opulent altar of Gozag.
  1890 | D:3      | You fall into a shaft and drop 1 floor!
  1931 | D:4      | Reached skill level 2 in Dodging
  1997 | D:4      | Reached skill level 6 in Stealth
  1997 | D:4      | Reached XP level 5. HP: 30/36 MP: 5/5
  2078 | D:3      | Reached skill level 3 in Throwing
  2175 | D:3      | Noticed Terence
  2189 | D:3      | Killed Terence
  2245 | D:3      | Noticed Ijyb
  2260 | D:3      | Blown up by Ijyb

Illustrated notes

Levels and vault maps discovered:
D:1:      lightli_arrival_flooded_house, layout_basic,
          nicolae_figureground_pulse
D:2:      layout_rooms, basic_altar, minmay_misc_feat_tower
D:3:      kennysheep_goblin_castle, layout_loops_ring, grunt_gozag_breadcrumbs,
          shapermc_ecumenical_altar_hornbeckon, serial_shops,
          nicolae_shop_tiny_real_fake_doors, uniq_terence
D:4:      layout_cave_pools, serial_shops, nicolae_take_the_stairs

Skill      XL: |  1  2  3  4  5 |
---------------+----------------+-----
Long Blades    | 1 |  1.9
Dodging        | 2 |  2.4
Stealth        | 6 |  6.2
Throwing       | 3 |  3.0
Fighting       | |  2.9
Short Blades   | |  2.0

Action                     |  1- 3 |  4- 6 || total
---------------------------+-------+-------++-------
  Melee: Dagger            |    60 |    64 ||   124
         Constrict         |    11 |    13 ||    24
         Tentacles         |    10 |     9 ||    19
         Punch             |       |     1 ||     1
  Evoke: Wand              |       |     3 ||     3
   Stab: Sleeping          |    19 |     5 ||    24
 Armour: Skin              |     1 |     1 ||     2
  Dodge: Dodged            |    28 |    49 ||    77

Table legend: (Time is in decaauts)
 A = Elapsed time spent in this place.
 B = Non-inter-level travel time spent in this place.
 C = Inter-level travel time spent in this place.
 D = Time resting spent in this place.
 E = Time spent auto-exploring this place.
 F = Levels seen in this place.
 G = Mean time per level.
                   A        B        C        D        E       F      G
               +--------+--------+--------+--------+--------+-----+--------+
         Total |   2246 |   2230 |     16 |    158 |   1578 |   4 |  561.5 |
       Dungeon |   2246 |   2230 |     16 |    158 |   1578 |   4 |  561.5 |
               +--------+--------+--------+--------+--------+-----+--------+

Top non-repeatable levels by time:
     D:1: 859 daAuts
     D:3: 805 daAuts
     D:2: 458 daAuts
     D:4: 123 daAuts
